 Dungeon Crawl Stone Soup version bcrawl-1.27.1d (webtiles) character file.

Game seed: 17574200794077675939

65123 OutcastIllithid the Sneak (level 1, 0/11 HPs)
             Began as an Octopode Wizard on July 15, 2020.
             Slain by a bat (1 damage)
             ... on level 1 of the Dungeon.
             The game lasted 00:00:33 (152 turns).

OutcastIllithid the Sneak (Octopode Wizard)          Turns: 152, Time: 00:00:34

Health: 0/11       AC:  1    Str:  6    XL:     1   Next: 50%
Magic:  3/4        EV: 13    Int: 20    God:
Gold:   16         SH:  0    Dex: 10    Spells: 5/6 levels left

rFire    . . .     SeeInvis .   a - +0 staff
rCold    . . .     Gourm    .   (no shield)
rNeg     . . .     Faith    .   b - +0 hat
rPois    .         Spirit   .   (cloak restricted)
rElec    .         Reflect  .   (no amulet)
rCorr    .         Harm     .   (no ring)
MR       .....                  (no ring)
Stlth    +++.......             (no ring)
HPRegen  0.03/turn              (no ring)
MPRegen  0.09/turn              (no ring)
                                (no ring)
                                (no ring)
                                (no ring)

@: no status effects
A: almost no armour, stealthy swim, amphibious, 8 rings, constrict 8, camouflage
1, gelatinous body 1
a: no special abilities


You were on level 1 of the Dungeon.
You were not hungry.

You visited 1 branch of the dungeon, and saw 1 of its levels.

You collected 16 gold pieces.

Inventory:

Hand Weapons
 a - a +0 staff (weapon)
Armour
 b - a +0 hat (worn)
Scrolls
 f - a scroll of amnesia {unknown}
 g - a scroll of teleportation {unknown}
Potions
 d - a potion of brilliance
Comestibles
 c - a chunk of flesh
 e - a ration {!d}


   Skills:
 - Level 2.0 Dodging
 - Level 3.0 Stealth
 - Level 3.0 Spellcasting
 + Level 1.5 Conjurations
   Level 1.0 Summonings
   Level 1.0 Translocations


You had 5 spell levels left.
You knew the following spells:

 Your Spells              Type           Power        Failure   Level  Hunger
a - Magic Dart            Conj           #...         8%          1    None

Your spell library contained the following spells:

 Spells                   Type           Power        Failure   Level  Hunger
 Blink                    Tloc           N/A          14%         2    #......
 Call Imp                 Summ           #.....       14%         2    #......
 Conjure Flame            Conj/Fire      #.......     30%         3    ####...
 Mephitic Cloud           Conj/Pois/Air  #.......     34%         3    ####...
 Spider Form              Tmut/Pois      #..          38%         3    ####...


Dungeon Overview and Level Annotations

Branches:
Dungeon (1/12)

Altars:


Innate Abilities, Weirdness & Mutations

You cannot wear most types of armour.
You are very stealthy in the water. (Stealth+)
You are amphibious.
You can wear up to eight rings at the same time.
You can use your tentacles to constrict eight enemies at once.
Your skin changes colour to match your surroundings (Stealth+).
Your rubbery body absorbs attacks. (AC +1, EV +1)


Message History

A dart slug is nearby!
A leopard gecko comes into view.
The leopard gecko hisses angrily.
The leopard gecko moves out of view.
A bat comes into view.
Found a stone staircase leading down.
The leopard gecko misses you.
You hit the leopard gecko but do no damage.
The leopard gecko bites you. x2
* * * LOW HITPOINT WARNING * * *
You take 10 damage, and have 1/11 hp.
MASSIVE DAMAGE!!
No path to travel!
Here: a leopard gecko (clinging) 79 large rocks.
The floor.
The bat closely misses you. The bat misses you.
Aim: a bat The magic dart hits the bat.
The bat hits you.
You die...

... .. >... ..$. .##
.... .....
..##.....$..#
...##.##........#
....##........# ...
#(.##........#
.....#.l.........#
.....##b#.........
.......@#........#
...............##
................#
...........##....#
#............# #... .
#..#.#..#.$#.###.##
.. #..#...##.........
..##...#.###...#....#
......#..............


You could see a leopard gecko and a bat.

Levels and vault maps discovered:
D:1:      saegor_arrival_simple_c, layout_rooms

Notes
Turn   | Place    | Note
-------+----------+-------------------------------------------
     0 | D:1      | OutcastIllithid the Octopode Wizard began the quest for the
                  | Orb.
     0 | D:1      | Reached XP level 1. HP: 11/11 MP: 4/4
   149 | D:1      | HP: 1/11 [leopard gecko (5)]
   152 | D:1      | Slain by a bat

Table legend:
 A = Turns spent in this place as a percentage of turns spent in the entire game.
 B = Non-inter-level travel turns spent in this place as a percentage of non-inter-level travel turns spent in the entire game.
 C = Inter-level travel turns spent in this place as a percentage of turns spent in this place.
 D = Turns resting spent in this place as a percentage of non-inter-level travel turns spent in this place.
 E = Turns spent auto-exploring this place as a percentage of non-inter-level travel turns spent in this place.
 F = Non-inter-level travel turns spent in this place divided by the number of levels of this place that you've seen.
                   A       B       C       D       E      F
               +-------+-------+-------+-------+-------+----------------------
         Total | 100.0 | 100.0 |   0.0 |  46.7 |  28.9 | 152.0
       Dungeon | 100.0 | 100.0 |   0.0 |  46.7 |  28.9 | 152.0
               +-------+-------+-------+-------+-------+----------------------

Table legend:
 A = Kills in this place as a percentage of kills in entire the game.
 B = Kills by you in this place as a percentage of kills by you in the entire game.
 C = Kills by friends in this place as a percentage of kills by friends in the entire game.
 D = Other kills in this place as a percentage of other kills in the entire game.
 E = Experience gained in this place as a percentage of experience gained in the entire game.
 F = Experience gained in this place divided by the number of levels of this place that you have seen.
                   A       B       C       D       E      F
               +-------+-------+-------+-------+-------+----------------------
         Total | 100.0 | 100.0 |   N/A |   N/A | 100.0 |   5.0
       Dungeon | 100.0 | 100.0 |   N/A |   N/A | 100.0 |   5.0
               +-------+-------+-------+-------+-------+----------------------

Action                   || total
-------------------------++-------
Melee: Staff             ||    11
       Constrict         ||     2
       Tentacles         ||     1
 Cast: Magic Dart        ||     1
Armor: Skin              ||     1
Dodge: Dodged            ||    11

Vanquished Creatures
  A bat (D:1)
  A goblin (D:1)
  A frilled lizard (D:1)
3 creatures vanquished.
